 Dungeon Crawl Stone Soup version 0.29.1-2-gbd0b4ee654 (webtiles) character file.

Game seed: 2734162883664372468

183 MrSixtyFour the Insei (level 5, -2/60 HPs)
             Began as a Draconian Transmuter on Nov 25, 2022.
             Was an Initiate of Cheibriados.
             Killed from afar by an orc wizard (3 damage)
             ... with a magic dart
             ... on level 4 of the Dungeon.
             The game lasted 00:30:52 (3604 turns).

MrSixtyFour the Insei (Draconian Transmuter)        Turns: 3604, Time: 00:30:52

Health: -2/60      AC: 22    Str: 19    XL:     5   Next: 35%
Magic:  9/9        EV:  2    Int: 15    God:    Cheibriados [......]
Gold:   180        SH:  0    Dex: 14    Spells: 7/10 levels left

rFire   . . .      SeeInvis .     - Unarmed
rCold   . . .      Faith    .   (no shield)
rNeg    . . .      Spirit   .   (body armour unavailable)
rPois   +          Reflect  .   (helmet currently unavailable)
rElec   .          Harm     .   (cloak currently unavailable)
rCorr   .          Rampage  .   (gloves currently unavailable)
Will    .....      NoTele   +   (boots currently unavailable)
Stlth   +.........              (no amulet)
HPRegen 0.20/turn               n - +6 ring of strength
MPRegen 0.11/turn               p - ring of wizardry

@: confused, tree-form, slow
A: stationary, stasis, torment immunity, boosted hp, AC +5, unfitting armour,
(cold-blooded)
a: Renounce Religion


You were on level 4 of the Dungeon.
You worshipped Cheibriados.
Cheibriados was noncommittal.
You were a tree.
You visited 1 branch of the dungeon, and saw 4 of its levels.

You collected 180 gold pieces.

Inventory:

Missiles
 l - 6 poisoned darts (quivered)
Jewellery
 n - a +6 ring of strength (left branch)
 p - a ring of wizardry (right branch)
Wands
 m - a wand of flame (8)
Scrolls
 d - a scroll of vulnerability {unknown}
 e - 2 scrolls of butterflies {unknown}
 f - 2 scrolls of torment {unknown}
 g - a scroll of fear {unknown}
 h - a scroll of enchant weapon {unknown}
 i - 2 scrolls of identify {unknown}
Potions
 a - a potion of lignification
 b - a potion of invisibility {unknown}
 c - 3 potions of brilliance {unknown}
 j - 2 potions of curing {unknown}
 o - 2 potions of heal wounds {unknown}


   Skills:
 + Level 1.2 Fighting
 + Level 2.6 Dodging
 + Level 4.5 Unarmed Combat
 * Level 3.0 Spellcasting
 + Level 2.9 Transmutations


You had 7 spell levels left.
You knew the following spells:

 Your Spells              Type           Power      Damage    Failure   Level
a - Beastly Appendage     Tmut           22%        N/A       2%          1
b - Wereblood             Tmut           11%        N/A       3%          2

Your spell library contained the following spells:

 Spells                   Type           Power      Damage    Failure   Level
 Foxfire                  Conj/Fire      8%         2x1d4     9%          1
 Spider Form              Tmut/Pois      6%         N/A       13%         3
 Ignite Poison            Fire/Tmut/Pois 5%         N/A       16%         3
 Conjure Flame            Conj/Fire      2%         6-21      24%         3
 Inner Flame              Hex/Fire       2%         N/A       24%         3
 Mephitic Cloud           Conj/Pois/Air  2%         N/A       24%         3
 Ice Form                 Ice/Tmut       6%         N/A       38%         4
 Cause Fear               Hex            1%         N/A       58%         4
 Flame Wave               Conj/Fire      2%         2d4       58%         4
 Freezing Cloud           Conj/Ice/Air   1%         6-21      89%         5
 Dragon Form              Tmut           5%         N/A       100%        7
 Dragon's Call            Summ           1%         N/A       100%        9


Dungeon Overview and Level Annotations

Branches:
Dungeon (4/15)
 Temple: D:4-7

Altars:
Ashenzari
Cheibriados
Elyvilon
Gozag
Hepliaklqana
Yredelemnul

Shops:
D:1 :   D:3 =


Innate Abilities, Weirdness & Mutations

You are a tree.
Your roots penetrate the ground, keeping you stationary.
You cannot be teleported.
You are immune to unholy pain and torment.
Your maximum health is greatly increased.
Your equipment is partially melded.
((Your plain brown scales are hard. (AC +5)))
You cannot fit into any form of body armour.
((You are cold-blooded and may be slowed by cold attacks.))


Message History

You are electrocuted!!
The orc hits you but does no damage.
The orc wizard casts a spell.
The orc wizard flickers and vanishes!
Deactivating autopickup; reactivate with Ctrl-A.
You bump into the rock wall.
The orc hits you with a +0 club. The orc wizard barely misses you.
Really quaff the potion of lignification?
Your horns disappear.
Your talons disappear.
You turn into a tree.
Your roots penetrate the ground.
The orc hits you but does no damage.
The orc wizard hits you but does no damage.
You hear some strange, mumbled words.
You are more confused.
You cannot move. (Use ctrl+direction or * direction to attack while stationary and confused.)
You smack something!
The orc hits you but does no damage. Something hits you but does no damage.
The orc wizard barely misses you.
You attack the rock wall.
The orc hits you with a +0 club.
You hear some strange, mumbled words.
Something tries to affect you, but you resist.
The orc wizard hits you with a +0 dagger.
You hit the orc but do no damage.
The orc is lightly wounded.
The orc hits you with a +0 club. Something hits you but does no damage.
The orc wizard hits you but does no damage.
You attack the rock wall.
The orc hits you but does no damage.
You hear some strange, mumbled words.
A magic dart appears from out of thin air!
The magic dart hits you but does no damage.
The orc wizard hits you but does no damage.
You barely miss the orc.
The orc is lightly wounded.
The orc hits you with a +0 club.
* * * LOW HITPOINT WARNING * * *
Something hits you.
* * * LOW HITPOINT WARNING * * *
You are electrocuted!
* * * LOW HITPOINT WARNING * * *
The orc wizard points at you and mumbles some strange words.
The magic dart hits you.
You die...

#) . .# .#
..# #
####..####
#.##o........
#..♣o........
####{#.#.####
#..## .# #.##
.## #


You could see an orc wizard and an orc.

Vanquished Creatures
  Jessica (D:2)
  Terence (D:2)
  An orc wizard (D:3)
  2 adders
  2 worms (D:2)
  3 dart slugs
  9 orcs (D:3)
  7 ball pythons
  5 bats
  8 endoplasms
  A goblin (D:1)
  3 hobgoblins
  4 jackals (D:1)
  5 quokkas
  4 frilled lizards (D:1)
  5 kobolds
  7 rats
68 creatures vanquished.

Vanquished Creatures (others)
  5 toadstools (D:1)
5 creatures vanquished.

Grand Total: 73 creatures vanquished

Notes
Turn   | Place    | Note
-------+----------+-------------------------------------------
     0 | D:1      | MrSixtyFour the Draconian Transmuter began the quest for
                  | the Orb.
     0 | D:1      | Reached XP level 1. HP: 16/16 MP: 3/3
   106 | D:1      | Reached XP level 2. HP: 20/23 MP: 5/5
   604 | D:1      | Found Tocengoh's Book Shoppe.
   636 | D:1      | Reached XP level 3. HP: 28/28 MP: 4/6
  1378 | D:2      | Found a faded altar of an unknown god.
  1470 | D:2      | Noticed Jessica
  1476 | D:2      | Killed Jessica
  1477 | D:2      | Reached XP level 4. HP: 33/35 MP: 5/7
  1688 | D:2      | Reached skill level 4 in Unarmed Combat
  1822 | D:2      | Noticed Terence
  1833 | D:2      | Killed Terence
  2153 | D:3      | Learned a level 2 spell: Wereblood
  2252 | D:3      | Reached XP level 5. HP: 8/40 MP: 9/9
  2718 | D:3      | Found Tiecrido's Jewellery Shoppe.
  3468 | D:3      | Found a snail-covered altar of Cheibriados.
  3473 | D:3      | Found an opulent altar of Gozag.
  3473 | D:3      | Found a broken altar of Ashenzari.
  3474 | D:3      | Found a basalt altar of Yredelemnul.
  3476 | D:3      | Found a white marble altar of Elyvilon.
  3478 | D:3      | Found a hazy altar of Hepliaklqana.
  3545 | D:3      | Became a worshipper of Cheibriados the Contemplative
  3604 | D:4      | HP: 1/60 [something (13)]
  3604 | D:4      | Killed from afar by an orc wizard

Illustrated notes

Levels and vault maps discovered:
D:1:      shiori_arrival_maze, layout_basic, serial_shops, nicolae_diamond_shop,
          minmay_gold_behind_fungi, wander_ebering_terrifying_dragon_lair
D:2:      layout_basic, dilly_ecumenical_altar_fadedgnrine, uniq_terence,
          uniq_jessica
D:3:      layout_basic, minitemple, serial_shops, nicolae_diamond_shop,
          dk_noncrumbling_4
D:4:      layout_loops_ring

Skill      XL: |  1  2  3  4  5 |
---------------+----------------+-----
Dodging        | 2 |  2.6
Unarmed Combat | 4 |  4.5
Spellcasting   | 3 |  3.0
Fighting       | |  1.2
Transmutations | |  2.9

Action                   |  1- 3 |  4- 6 || total
-------------------------+-------+-------++-------
Melee: Unarmed           |   119 |    90 ||   209
       Kick              |    20 |    11 ||    31
       Tailslap          |     8 |     7 ||    15
       Headbutt          |     6 |     9 ||    15
 Cast: Beastly Appendage |    15 |    13 ||    28
       Wereblood         |       |     2 ||     2
  Use: Potion            |       |     2 ||     2
 Stab: Sleeping          |     2 |     2 ||     4
Armor: Skin              |    24 |    41 ||    65
Dodge: Dodged            |    80 |    45 ||   125
